Workbook
Name Cat: OFFSET('Expenses cat'!$A$2,0,0,COUNTA('Expenses cat'!$A$2+'Expenses cat'!$C:$C)-1)
Name Deductible_rate: 'Expenses cat'!$B$2:$B$26
Name Expenses_cat_Descript: 'Expenses cat'!$C$2:$C$26
Name Table_Currency: 'Exchange rates'!$A$3:$A$8
Name Table_Expenses: Expenses!$A$1:$E$49
Name Table_Expenses_cat: 'Expenses cat'!$A$2:$C$26

Sheet Summary

Sheet Income
A1: Line | B1: Income
A2: 1 | B2: Gross receipts or sales.
A3: 2 | B3: Returns and allowances
A4: 3 | B4: Subtract line 2 from line 1
A5: 4 | B5: Cost of goods sold (from line 42)
A6: 5 | B6: Gross profit.
A7: 6 | B7: Other income, including federal and state gasoline or fuel tax credit or refund (see instructions)
A8: 7 | B8: Gross income.

Sheet Expenses
A1: Description | B1: Category description | C1: Amount | D1: Purchase currency | E1: ="Amount in "&K3 -> Amount in CAD | F1: Deductible amount | G1: Non-Deductible amount
B2: Meals | C2: 500 | D2: CAD | E2: =C2*INDEX('Exchange rates'!$A$2:$G$8,MATCH(D2,'Exchange rates'!$A$2:$A$8,0),MATCH($K$3,'Exchange rates'!$A$2:$G$2,0)) -> 500 | F2: =E2*'Expenses cat'!B24 -> 250
D3: USD | E3: =C3*INDEX('Exchange rates'!$A$2:$G$8,MATCH(D3,'Exchange rates'!$A$2:$A$8,0),MATCH($K$3,'Exchange rates'!$A$2:$G$2,0)) -> 0 | J3: Currency used > | K3: CAD
D4: EUR | E4: =C4*INDEX('Exchange rates'!$A$2:$G$8,MATCH(D4,'Exchange rates'!$A$2:$A$8,0),MATCH($K$3,'Exchange rates'!$A$2:$G$2,0)) -> 0 | J4: Il suffit de choisir la devise
D5: AUD | E5: =C5*INDEX('Exchange rates'!$A$2:$G$8,MATCH(D5,'Exchange rates'!$A$2:$A$8,0),MATCH($K$3,'Exchange rates'!$A$2:$G$2,0)) -> 0
D6: SGD | E6: =C6*INDEX('Exchange rates'!$A$2:$G$8,MATCH(D6,'Exchange rates'!$A$2:$A$8,0),MATCH($K$3,'Exchange rates'!$A$2:$G$2,0)) -> 0
D7: EUR | E7: =C7*INDEX('Exchange rates'!$A$2:$G$8,MATCH(D7,'Exchange rates'!$A$2:$A$8,0),MATCH($K$3,'Exchange rates'!$A$2:$G$2,0)) -> 0
D8: USD | E8: =C8*INDEX('Exchange rates'!$A$2:$G$8,MATCH(D8,'Exchange rates'!$A$2:$A$8,0),MATCH($K$3,'Exchange rates'!$A$2:$G$2,0)) -> 0
D9: USD | E9: =C9*INDEX('Exchange rates'!$A$2:$G$8,MATCH(D9,'Exchange rates'!$A$2:$A$8,0),MATCH($K$3,'Exchange rates'!$A$2:$G$2,0)) -> 0 | J9: Note to self: apres lentrée de donné
D10: CAD | E10: =C10*INDEX('Exchange rates'!$A$2:$G$8,MATCH(D10,'Exchange rates'!$A$2:$A$8,0),MATCH($K$3,'Exchange rates'!$A$2:$G$2,0)) -> 0 | J10: 1. trier par decription de catégorie et inscrire le # dans la colonne cat.
D11: GBP | E11: =C11*INDEX('Exchange rates'!$A$2:$G$8,MATCH(D11,'Exchange rates'!$A$2:$A$8,0),MATCH($K$3,'Exchange rates'!$A$2:$G$2,0)) -> 0 | J11: 2. formules pour D/ND
D12: USD | E12: =C12*INDEX('Exchange rates'!$A$2:$G$8,MATCH(D12,'Exchange rates'!$A$2:$A$8,0),MATCH($K$3,'Exchange rates'!$A$2:$G$2,0)) -> 0
D13: EUR | E13: =C13*INDEX('Exchange rates'!$A$2:$G$8,MATCH(D13,'Exchange rates'!$A$2:$A$8,0),MATCH($K$3,'Exchange rates'!$A$2:$G$2,0)) -> 0
D14: CAD | E14: =C14*INDEX('Exchange rates'!$A$2:$G$8,MATCH(D14,'Exchange rates'!$A$2:$A$8,0),MATCH($K$3,'Exchange rates'!$A$2:$G$2,0)) -> 0
D15: CAD | E15: =C15*INDEX('Exchange rates'!$A$2:$G$8,MATCH(D15,'Exchange rates'!$A$2:$A$8,0),MATCH($K$3,'Exchange rates'!$A$2:$G$2,0)) -> 0
D16: GBP | E16: =C16*INDEX('Exchange rates'!$A$2:$G$8,MATCH(D16,'Exchange rates'!$A$2:$A$8,0),MATCH($K$3,'Exchange rates'!$A$2:$G$2,0)) -> 0
D17: USD | E17: =C17*INDEX('Exchange rates'!$A$2:$G$8,MATCH(D17,'Exchange rates'!$A$2:$A$8,0),MATCH($K$3,'Exchange rates'!$A$2:$G$2,0)) -> 0
D18: GBP | E18: =C18*INDEX('Exchange rates'!$A$2:$G$8,MATCH(D18,'Exchange rates'!$A$2:$A$8,0),MATCH($K$3,'Exchange rates'!$A$2:$G$2,0)) -> 0
D19: CAD | E19: =C19*INDEX('Exchange rates'!$A$2:$G$8,MATCH(D19,'Exchange rates'!$A$2:$A$8,0),MATCH($K$3,'Exchange rates'!$A$2:$G$2,0)) -> 0
D20: USD | E20: =C20*INDEX('Exchange rates'!$A$2:$G$8,MATCH(D20,'Exchange rates'!$A$2:$A$8,0),MATCH($K$3,'Exchange rates'!$A$2:$G$2,0)) -> 0
D21: CAD | E21: =C21*INDEX('Exchange rates'!$A$2:$G$8,MATCH(D21,'Exchange rates'!$A$2:$A$8,0),MATCH($K$3,'Exchange rates'!$A$2:$G$2,0)) -> 0
D22: CAD | E22: =C22*INDEX('Exchange rates'!$A$2:$G$8,MATCH(D22,'Exchange rates'!$A$2:$A$8,0),MATCH($K$3,'Exchange rates'!$A$2:$G$2,0)) -> 0
D23: USD | E23: =C23*INDEX('Exchange rates'!$A$2:$G$8,MATCH(D23,'Exchange rates'!$A$2:$A$8,0),MATCH($K$3,'Exchange rates'!$A$2:$G$2,0)) -> 0
... D49: CAD | E49: =C49*INDEX('Exchange rates'!$A$2:$G$8,MATCH(D49,'Exchange rates'!$A$2:$A$8,0),MATCH($K$3,'Exchange rates'!$A$2:$G$2,0)) -> 0

Sheet Expenses cat
A1: Cat. | B1: Deductible % | C1: Description
A2: 8 | B2: 1 | C2: Advertising
A3: 9 | B3: 1 | C3: Car and truck
A4: 10 | B4: 1 | C4: Commissions and fees
A5: 11 | B5: 1 | C5: Contract labor
A6: 12 | B6: 1 | C6: Depletion
A7: 13 | B7: 1 | C7: Depreciation and section 179 expense deduction (not included in part III)
A8: 14 | B8: 1 | C8: Employee benefit programs (other on line 19)
A9: 15 | B9: 1 | C9: Insurance (other than health)
A10: 17 | B10: 1 | C10: Legal and professional services
A11: 18 | B11: 1 | C11: Office expenses
A12: 19 | B12: 1 | C12: Pension and non-profits-sharing plans
A13: 21 | B13: 1 | C13: Repairs and maintenance
... A18: 28 | B18: 1 | C18: NOT SURE
A19: 16a | B19: 1 | C19: Mortgage (paid to banks, etc.)
A20: 16b | B20: 1 | C20: Interests - other
A21: 20a | B21: 1 | C21: Vehicles,machinery and equipment
A22: 20b | B22: 1 | C22: Other business property
A23: 24a | B23: 1 | C23: Travel
A24: 24b | B24: 0.5 | C24: Meals
A25: 27a | B25: 1 | C25: Other expenses
A26: 27b | B26: 1 | C26: Reserved for future use

Sheet Exchange rates
B2: CAD | C2: USD | D2: EUR | E2: AUD | F2: SGD | G2: GBP | I2: Taux selon la BDC
A3: CAD | B3: 1 | C3: 1.3269 | D3: 1.4856 | E3: 0.9228 | F3: 0.9728 | G3: 1.6945
A4: USD | B4: =1/C3 -> 0.7536363 | C4: 1 | D4: =D3/C3 -> 1.1196021 | E4: =E3/C3 -> 0.69545557 | G4: =G3/C3 -> 1.2770367
A5: EUR | B5: =1/D3 -> 0.6731287 | C5: =1/D4 -> 0.89317447 | D5: 1 | E5: =E3/D3 -> 0.62116317 | G5: =G3/D3 -> 1.1406166
A6: AUD | B6: =1/E3 -> 1.0836584 | C6: =1/E5 -> 1.609883 | D6: =1/E4 -> 1.4379064 | E6: 1 | G6: =G3/E3 -> 1.8362592
A7: SGD | B7: =1/F3 -> 1.0279605
A8: GBP | B8: =1/G3 -> 0.59014459 | C8: =1/G4 -> 0.78306285 | D8: =1/G5 -> 0.8767188 | E8: =1/G6 -> 0.54458542 | G8: 1
